 Dungeon Crawl Stone Soup version 0.30.1-4-g462c640d31 (webtiles) character file.

Game seed: 13789728240656092986

435 croobank the Sneak (level 6, -3/51 HPs)
             Began as a Demigod Delver on Aug 23, 2023.
             Slain by a black bear (6 damage)
             ... on level 5 of the Dungeon.
             The game lasted 00:14:11 (3752 turns).

croobank the Sneak (Demigod Delver)                 Turns: 3752, Time: 00:14:12

Health: -3/51      AC:  4    Str: 13    XL:     6   Next: 40%
Magic:  12/12      EV: 12    Int: 20    God:
Gold:   177        SH:  0    Dex: 15    Spells: 4/10 levels left

rFire   . . .        w - +4 dagger (holy)
rCold   . . .        (no shield)
rNeg    . . .        b - +0 leather armour
rPois   .            (no helmet)
rElec   .            (no cloak)
rCorr   .            p - +0 pair of gloves
SInv    .            (no boots)
Will    .....        (no amulet)
Stlth   +++          (no ring)
HPRegen 0.28/turn    (no ring)
MPRegen 0.13/turn

%: no passive effects
@: no status effects
A: high MP 1, forlorn, divine attributes
a: no special abilities


You were on level 5 of the Dungeon.
You visited 1 branch of the dungeon, and saw 6 of its levels.

You collected 177 gold pieces.

Inventory:

Hand Weapons
 a - a +0 short sword
 i - a +0 dagger
 o - a +0 sling
 w - a +4 dagger of holy wrath (weapon)
 z - a +0 trident
Missiles
 m - 2 poisoned darts
 s - 2 silver javelins (quivered)
 x - a curare-tipped dart
Armour
 b - a +0 leather armour (worn)
 p - a +0 pair of gloves (worn)
Wands
 g - a wand of digging (3)
 k - a wand of iceblast (5)
Scrolls
 c - a scroll of fog
 d - 3 scrolls of magic mapping
 e - a scroll of identify
 n - 2 scrolls of teleportation
 q - 3 scrolls of amnesia
 t - 2 scrolls of fear
 u - a scroll of noise
 y - a scroll of vulnerability
Potions
 f - 2 potions of haste
 j - a potion of brilliance
 v - 3 potions of curing


   Skills:
 + Level 3.5 Fighting
 + Level 2.7 Short Blades
 + Level 2.8 Dodging
 + Level 5.2 Stealth
 * Level 2.5 Spellcasting
 * Level 2.5 Summonings
 * Level 0.9 Fire Magic


You had 4 spell levels left.
You knew the following spells:

 Your Spells              Type           Power      Damage    Failure   Level
a - Summon Small Mammal   Summ           48%        N/A       7%          1
b - Scorch                Fire           12%        2d5       19%         2
c - Call Canine Familiar  Summ           12%        N/A       21%         3

Your spell library contained the following spells:

 Spells                   Type           Power      Damage    Failure   Level
 Apportation              Tloc           4%         N/A       19%         1
 Summon Guardian Golem    Hex/Summ       7%         N/A       34%         3
 Ozocubu's Armour         Ice            2%         N/A       50%         3
 Flame Wave               Conj/Fire      4%         2d5       83%         4
 Alistair's Intoxication  Tmut/Pois      1%         N/A       99%         5
 Simulacrum               Ice/Necr       1%         N/A       100%        6
 Summon Cactus Giant      Summ           6%         N/A       100%        6
 Ozocubu's Refrigeration  Ice            1%         4d7       100%        7
 Polar Vortex             Ice            1%         N/A       100%        9


Dungeon Overview and Level Annotations

Branches:
Dungeon (6/15)             Temple (0/1) D:4


Innate Abilities, Weirdness & Mutations

You have an increased reservoir of magic. (+10% MP)
You shall have no god before yourself.
Your divine heritage dramatically boosts your attributes as you level up.


Message History

The curare-tipped dart completely misses the black bear.
The black bear growls angrily.
Throw: 3 darts (curare)
Press: ? - help, Q - select action, (/) - cycle Shift-Dir - straight line, f/p - black bear
Aim: a black bear (67% to hit)
You throw a curare-tipped dart.
The curare-tipped dart closely misses the black bear.
Throw: 2 darts (curare)
Press: ? - help, Q - select action, (/) - cycle Shift-Dir - straight line, f/p - black bear
Aim: a black bear (67% to hit)
You throw a curare-tipped dart.
The curare-tipped dart hits the black bear.
The black bear is poisoned.
The black bear convulses.
The black bear seems to slow down.
The black bear is moderately wounded.
The black bear shakes off its lethargy.
The black bear goes berserk!
The black bear bites you. The black bear closely misses you. x2
You barely miss the black bear.
The black bear is severely wounded.
The black bear bites you! The black bear closely misses you.
The black bear claws you.
You hit the black bear.
The black bear is almost dead.
The black bear bites you!
* * * LOW HITPOINT WARNING * * *
The black bear barely misses you.
The black bear claws you but does no damage.
The black bear bites you but does no damage.
The black bear barely misses you. The black bear claws you.
* * * LOW HITPOINT WARNING * * *
Okay, then.
Throw: 3 javelins (silver)
Press: ? - help, Q - select action, (/) - cycle Shift-Dir - straight line, f/p - black bear
Aim: a black bear (almost dead, berserk, poisoned, 67% to hit)
You throw a silver javelin.
The silver javelin barely misses the black bear.
The black bear bites you!
* * * LOW HITPOINT WARNING * * *
The black bear barely misses you. The black bear claws you.
You die...

#.........# ....
##.........# ..... #
#..........##...
#.##.#............88 88
...#.........#..888 .88
~ #...........# .... ...
#~~##....###.##.##
..##..
#~.....)###.##.(###.#..
#~......@h..((#.##....
~~~##########.........##
#..##......###
##.......#....
#..###...####.
#####...##.#..# ##
##.....#.....#.# ##
#..#####.....#.#... ####
#...†(######


You could see a black bear (berserk, poisoned).

Vanquished Creatures
  An ogre (D:5)
  A howler monkey (D:4)
  A jelly (D:4)
  An iguana (D:4)
  Natasha (thrice) (D:3)
  7 adders
  2 worms
  A dart slug (D:2)
  6 orcs (D:3)
  10 ball pythons
  9 endoplasms
  5 giant cockroaches
  5 goblins
  4 hobgoblins
  3 jackals (D:1)
  8 kobolds
  5 quokkas
  6 bats
  3 frilled lizards
  5 rats
86 creatures vanquished.

Vanquished Creatures (collateral kills)
  An adder (D:2)
  An orc (D:3)
  An endoplasm (D:3)
  A giant cockroach (D:3)
  A goblin (D:2)
  A hobgoblin (D:3)
6 creatures vanquished.

Vanquished Creatures (others)
  An adder (D:2)
1 creature vanquished.

Grand Total: 93 creatures vanquished

Notes
Turn   | Place    | Note
-------+----------+-------------------------------------------
     0 | D:5      | croobank the Demigod Delver began the quest for the Orb.
     0 | D:5      | Reached XP level 1. HP: 18/18 MP: 3/3
   129 | D:6      | Noticed a water moccasin
   140 | D:4      | Noticed an iguana
   285 | D:3      | Noticed Natasha
   390 | D:1      | Reached XP level 2. HP: 16/25 MP: 4/4
  1034 | D:1      | Learned a level 1 spell: Summon Small Mammal
  1133 | D:2      | Reached XP level 3. HP: 31/31 MP: 5/5
  1528 | D:2      | Reached skill level 1 in Summonings
  1597 | D:2      | Reached skill level 1 in Spellcasting
  1717 | D:3      | Reached XP level 4. HP: 38/38 MP: 4/8
  1729 | D:3      | Killed Natasha
  1793 | D:3      | Noticed Natasha
  1803 | D:3      | Killed Natasha
  2227 | D:3      | Learned a level 2 spell: Scorch
  2260 | D:3      | Reached XP level 5. HP: 41/45 MP: 3/10
  2262 | D:3      | Reached skill level 5 in Stealth
  2389 | D:3      | Noticed Natasha
  2395 | D:3      | Killed Natasha
  2789 | D:4      | Found a staircase to the Ecumenical Temple.
  3111 | D:4      | Learned a level 3 spell: Call Canine Familiar
  3186 | D:4      | Reached XP level 6. HP: 51/51 MP: 12/12
  3752 | D:5      | Slain by a black bear

Illustrated notes

Levels and vault maps discovered:
D:1:      sevenhm_arrival_forest_fort_small_3, layout_basic,
          hangedman_abyss_or_decor_lesser_grid
D:2:      layout_rooms, minmay_octomino_j4
D:3:      wander_river, layout_rooms, portal_sewer_entry_f, uniq_natasha
D:4:      layout_rooms, zin_academy, cheibriados_altar_1, temple_pool_b,
          minmay_misc_feat_plants
D:5:      layout_rooms, makhleb_altar_promises_db, hellmonk_bongcloud_opening,
          minmay_manual_mullet
D:6:      layout_gridville

Skill      XL: |  1  2  3  4  5 |
---------------+----------------+-----
Dodging        | 2 |  2.8
Short Blades   | 2 |  2.7
Fighting       | 3 |  3.5
Summonings     | 1 2 |  2.5
Spellcasting   | 1 2 |  2.5
Stealth        | 5 |  5.2
Fire Magic     | |  0.9

Action                     |  1- 3 |  4- 6 || total
---------------------------+-------+-------++-------
  Melee: Short sword       |   130 |       ||   130
         Punch             |     3 |     1 ||     4
         Dagger            |     6 |   148 ||   154
  Throw: Dart              |       |    15 ||    15
         Javelin           |       |    10 ||    10
   Cast: Summon Small Mamm |    18 |    29 ||    47
         Scorch            |       |     1 ||     1
  Evoke: Wand              |       |     5 ||     5
    Use: Scroll            |     5 |     7 ||    12
         Potion            |       |     2 ||     2
   Stab: Sleeping          |     7 |     4 ||    11
         Distracted        |     1 |     1 ||     2
 Armour: Leather armour    |    38 |    46 ||    84
  Dodge: Dodged            |    78 |   114 ||   192
